 Dungeon Crawl Stone Soup version 0.31.0-11-ge490571c62 (webtiles) character file.

Game seed: 1267407011097553649

536 qw the Shooter (level 7, -2/35 HPs)
             Began as a Spriggan Hunter on Feb 4, 2024.
             Incinerated by a bombardier beetle (7 damage)
             ... with a burning spray
             ... on level 4 of the Dungeon.
             The game lasted 00:00:12 (2712 turns).

qw the Shooter (Spriggan Hunter)                    Turns: 2712, Time: 00:00:13

Health: -2/35      AC:  3    Str:  7    XL:     7   Next: 4%
Magic:  8/8        EV: 22    Int: 11    God:
Gold:   306        SH:  0    Dex: 20    Spells: 6/6 levels left

rFire   . . .        a - +0 shortbow
rCold   + . .        (shield currently unavailable)
rNeg    . . .        b - +1 robe "Amatwe" {rPois}
rPois   +            (helmet restricted)
rElec   .            (no cloak)
rCorr   .            (gloves unavailable)
SInv    +            (boots unavailable)
Will    +....        (no amulet)
Stlth   +            h - ring of protection from cold
HPRegen 0.25/turn    (no ring)
MPRegen 0.11/turn

%: no passive effects
@: on fire, glowing, very quick
A: very small, no large weapons, unfitting armour, see invisible, speed 3
a: no special abilities


You were on level 4 of the Dungeon.
You visited 1 branch of the dungeon, and saw 4 of its levels.

You collected 306 gold pieces.


Innate Abilities, Weirdness & Mutations

You are very small and have problems with some larger weapons.
You are too small for most types of armour.
You have supernaturally acute eyesight. (SInv)
You cover ground extremely quickly. (Speed+++)


   Skills:
 - Level 2.0 Fighting
 + Level 6.9 Ranged Weapons
 - Level 6.6 Dodging
 - Level 1.5 Stealth


You had 6 spell levels left.
You didn't know any spells.
Your spell library was empty.

Inventory:

Hand Weapons
 a - a +0 shortbow (weapon)
Armour
 b - the +1 robe "Amatwe" (worn) {rPois}
   (You took it off a hobgoblin on level 3 of the Dungeon)

   rPois:     It protects you from poison
 g - a +0 cloak
Jewellery
 h - a ring of protection from cold (left hand)
Wands
 d - a wand of roots (11)
Scrolls
 c - a scroll of fear {unknown}
Potions
 e - a potion of mutation
 f - 2 potions of curing
 i - a potion of cancellation
 j - a potion of degeneration {unknown}
 l - a potion of berserk rage {unknown}

Dungeon Overview and Level Annotations

Branches:
Dungeon (4/15)
 Temple: D:4-7

Altars:
Makhleb
Qazlal
Uskayaw

Shops:
D:2 =


Message History

The arrow hits the bombardier beetle but does no damage.
You shoot an arrow.
The arrow hits the bombardier beetle but does no damage.
You shoot an arrow.
The arrow barely misses the bombardier beetle.
You shoot an arrow.
The arrow barely misses the bombardier beetle.
A ribbon worm comes into view.
You shoot an arrow.
The arrow closely misses the bombardier beetle.
The bombardier beetle sprays incendiary fluid at you.
The burning spray hits you.
You are covered in liquid fire!
You shoot an arrow.
The arrow barely misses the ribbon worm.
The liquid fire burns you!
You shoot an arrow. The arrow hits the ribbon worm.
The ribbon worm is lightly wounded.
The liquid fire burns you!
The bombardier beetle sprays incendiary fluid at you.
The burning spray hits you.
You are even more covered in liquid fire!
The ribbon worm barely misses you.
You shoot an arrow. The arrow hits the ribbon worm.
The ribbon worm is moderately wounded.
The liquid fire burns you!
The bombardier beetle sprays incendiary fluid at you.
The burning spray misses you.
You shoot an arrow. The arrow hits the ribbon worm.
The ribbon worm is heavily wounded.
The liquid fire burns you! The ribbon worm bites you.
You shoot an arrow. The arrow hits the ribbon worm.
The ribbon worm is severely wounded.
The liquid fire burns you! The ribbon worm misses you.
You shoot an arrow.
The arrow barely misses the ribbon worm.
The liquid fire burns you!
You die...

###.# #.# #.# ....#
#.# #.#
###########.#####.#
# #............# #
#.#########.## #
#.# # ########.# #
.........##.#
........@.B.#
.##......w..#
########......
.##.## .. # .# ..
##


You could see a ribbon worm and a bombardier beetle.

Vanquished Creatures
  Sigmund (D:2)
  A sky beast (D:4)
  2 orc priests (D:3)
  Jessica (D:2)
  An iguana (D:4)
  Terence (D:2)
  3 gnolls (D:3)
  3 adders
  2 dart slugs
  2 ribbon worms
  8 orcs (D:3)
  9 bats
  11 endoplasms
  4 giant cockroaches
  8 goblins
  6 hobgoblins
  10 kobolds
  3 quokkas
  6 ball pythons
  3 frilled lizards
  5 rats
90 creatures vanquished.

Notes
Turn   | Place    | Note
-------+----------+-------------------------------------------
     0 | D:1      | qw the Spriggan Hunter began the quest for the Orb.
     0 | D:1      | Reached XP level 1. HP: 10/10 MP: 2/2
     0 | D:1      | 0 ||| qw: Version: 0.3-a-160-g6735b56
     0 | D:1      | 0 ||| qw: Game counter: 4586
     0 | D:1      | 0 ||| qw: Melee chars always use a shield: true
     0 | D:1      | 0 ||| qw: God list: Okawaru
     0 | D:1      | 0 ||| qw: Allow faded altars: false
     0 | D:1      | 0 ||| qw: Do Orc after clearing Dungeon:15 true
     0 | D:1      | 0 ||| qw: Do second Lair branch before Depths: true
     0 | D:1      | 0 ||| qw: Lair rune preference: random
     0 | D:1      | 0 ||| qw: Goals: Normal
     0 | D:1      | 0 ||| PLANNING D:1-11
    15 | D:1      | Reached skill level 3 in Dodging
    66 | D:1      | Reached XP level 2. HP: 14/14 MP: 3/3
   431 | D:1      | Reached XP level 3. HP: 13/18 MP: 4/4
   484 | D:1      | 484 ||| READING scroll labelled PUQAAL SOTEBUI.
   484 | D:1      | 484 ||| IDENTIFYING fizzy green potion
   485 | D:1      | 485 ||| READING scroll labelled NEAQOT DECAI.
   490 | D:1      | 490 ||| READING scroll labelled UFAESSE HAUW.
   491 | D:1      | 491 ||| READING scroll labelled ROOFEDD DOTI.
   492 | D:1      | 492 ||| DRINKING 2 cyan potions.
   493 | D:1      | 493 ||| DROPPING scroll of butterflies.
   845 | D:2      | Noticed Terence
   854 | D:2      | HP: 4/18 [Terence/+0 flail (3)]
   855 | D:2      | 855 ||| DRINKING potion of heal wounds.
   865 | D:2      | HP: 3/18 [Terence/+0 flail (6)]
   867 | D:2      | Killed Terence
   868 | D:2      | Reached XP level 4. HP: 4/22 MP: 5/5
   869 | D:2      | 869 ||| FLEEEEING.
   940 | D:2      | Noticed Sigmund
   947 | D:2      | 947 ||| DRINKING 2 potions of curing.
   947 | D:2      | 947 ||| (to cure confusion)
   951 | D:2      | Killed Sigmund
   952 | D:2      | Reached skill level 6 in Dodging
   952 | D:2      | Reached XP level 5. HP: 23/25 MP: 6/6
  1022 | D:2      | Noticed Jessica
  1030 | D:2      | HP: 6/25 [Jessica/+0 dagger (7)]
  1032 | D:2      | Killed Jessica
  1241 | D:2      | Found Yfu Kejuny's Jewellery Boutique.
  1243 | D:2      | 1243 ||| SHOPLISTING +6 ring of dexterity (432 gold, have
                  | 152).
  1243 | D:2      | 1243 ||| SHOPLISTING amulet of faith (480 gold, have 152).
  1243 | D:2      | 1243 ||| SHOPLISTING ring "Ledwonoa" {rF++ rC+ rN+ Int-2}
                  | (567 gold, have 152).
  1243 | D:2      | 1243 ||| SHOPLISTING ring of fire (300 gold, have 152).
  1243 | D:2      | 1243 ||| SHOPLISTING ring of poison resistance (240 gold,
                  | have 152).
  1243 | D:2      | 1243 ||| SHOPLISTING ring of positive energy (240 gold,
                  | have 152).
  1462 | D:2      | Reached XP level 6. HP: 30/30 MP: 7/7
  1776 | D:2      | 1776 ||| DROPPING ring of magical power.
  1777 | D:2      | 1777 ||| UPGRADING to ring of protection from cold.
  1778 | D:2      | 1778 ||| READING scroll of identify.
  1778 | D:2      | 1778 ||| IDENTIFYING fuming inky potion
  1779 | D:2      | 1779 ||| READING scroll labelled EDITOA HYEC.
  1840 | D:3      | Found a hide-covered altar of Uskayaw.
  2010 | D:3      | Identified the +1 robe "Amatwe" {rPois}
  2211 | D:3      | Reached skill level 6 in Ranged Weapons
  2300 | D:3      | Found a burning altar of Makhleb.
  2413 | D:3      | Found a faded altar of an unknown god.
  2467 | D:3      | 2467 ||| UPGRADING to +1 robe "Amatwe" {rPois}.
  2477 | D:3      | 2477 ||| DROPPING +0 robe.
  2478 | D:3      | 2478 ||| READING scroll of identify.
  2478 | D:3      | 2478 ||| IDENTIFYING metallic sapphire potion
  2479 | D:3      | 2479 ||| READING scroll labelled TEIR VURHYA.
  2479 | D:3      | 2479 ||| ENCHANTING +0 shortbow.
  2515 | D:4      | Found a stormy altar of Qazlal.
  2515 | D:4      | Noticed a sky beast
  2535 | D:4      | Killed a sky beast
  2673 | D:4      | Reached XP level 7. HP: 35/35 MP: 8/8
  2710 | D:4      | HP: 8/35 [ribbon worm (5)]
  2712 | D:4      | Incinerated by a bombardier beetle

Levels and vault maps discovered:
D:1:      tekkud_arrival_beachfront_property, layout_rooms,
          minmay_splitting_lines, minmay_misc_feat_encased, serial_bayou_pond_b
D:2:      layout_basic, serial_bayou, serial_bayou_shore_b, serial_bayou_lake_a,
          serial_bayou_pond_d, serial_bayou_lagoon_b, serial_bayou_pond_e,
          serial_shops, nicolae_shop_gaudy_bauble, grunt_decor_clamped,
          uniq_sigmund, uniq_terence, uniq_jessica
D:3:      layout_rooms, marbit_many_paths, eat_drink_and_be_merry_uskayaw,
          shapermc_ecumenical_altar_acropolis, chequers_arboretum
D:4:      layout_loops_ring, nicolae_qazlal_beasts_of_the_sky,
          hangedman_decor_points, uniq_crazy_yiuf_cottage

Skill      XL: |  1  2  3  4  5  6 |
---------------+-------------------+-----
Dodging        | 3 4 6 |  6.6
Ranged Weapons | 5 6 |  6.9
Fighting       | 2 |  2.0
Stealth        | |  1.5

Action                     |  1- 3 |  4- 6 |  7- 9 || total
---------------------------+-------+-------+-------++-------
   Fire: Shortbow          |    87 |   176 |    13 ||   276
    Use: Scroll            |     4 |     4 |       ||     8
         Potion            |     2 |     1 |       ||     3
 Armour: Robe              |     8 |    15 |     1 ||    24
  Dodge: Dodged            |    32 |    67 |     3 ||   102

Table legend:
 A = Non-vault XP
 B = Vault XP
 C = Vault XP percentage of total XP
 D = Non-vault monster count
 E = Vault monster count
 F = Vault count percentage of total count
                 A         B        C        D         E       F
            +---------+---------+-------+---------+---------+-------
      Total |     342 |     424 |  55.4 |      81 |       9 |  10.0
            +---------+---------+-------+---------+---------+-------
        D:1 |      43 |       7 |  14.0 |      25 |       4 |  13.8
        D:2 |      47 |     287 |  85.9 |      19 |       3 |  13.6
        D:3 |     180 |       1 |   0.6 |      29 |       1 |   3.3
        D:4 |      72 |     129 |  64.2 |       8 |       1 |  11.1
            +---------+---------+-------+---------+---------+-------
